Selects Luftwaffe Battlegroup
Selects Luftwaffe Pioneer Support
Fallschirmpioneer Squad Paradrop
Fallschirmpioneer Squad Paradrop
Fallschirmpioneer Squad Paradrop
Construct Infanterie Kompanie
Fallschirmpioneer Squad Paradrop
Fallschirmpioneer Squad Paradrop
Construct Panzergrenadier Kompanie
Pak 40 Anti-tank Gun Team
Selects Reconnaissance Run
Selects Fallschirmjäger Squad Paradrop
Selects LG40 Recoilless Gun Paradrop
Construct Panzer Kompanie
Selects Fragmentation Bombs